 Dungeon Crawl Stone Soup version 0.21-a0-442-g848f44b (webtiles) character file.

104077 Gorice the Protected (level 15, -1/79 HPs)
             Began as a Demonspawn Wanderer on Nov 11, 2017.
             Was the Champion of Qazlal.
             Killed from afar by a raiju (5 damage)
             ... with a living lightning
             ... on level 3 of the Abyss on Nov 12, 2017.
             The game lasted 02:42:50 (26424 turns).

Gorice the Protected (Demonspawn Wanderer)         Turns: 26424, Time: 02:42:51

Health: -1/79      AC: 26    Str: 24    XL:     15   Next: 90%
Magic:  16/16      EV:  9    Int: 10    God:    Qazlal [******]
Gold:   1484       SH:  8    Dex:  8    Spells: 9/14 levels left

rFire    + + .     SeeInvis +   a - +3 dagger (elec)
rCold    . . .     Gourm    .   (no shield)
rNeg     . . .     Faith    .   z - +6 plate armour "Itenwutu" {rPois Regen+}
rPois    +         Spirit   .   (helmet unavailable)
rElec    .         Reflect  .   U - +0 cloak
rCorr    .         Harm     .   k - +1 pair of gloves
MR       +....                  C - +0 pair of boots
Stlth    ..........             o - amulet of regeneration
HPRegen  0.00/turn              p - ring "Hearyfua" {rPois rF+ Slay+3}
MPRegen  0.15/turn              f - ring of protection from fire

@: mighty, protected from physical damage, constricted, repel missiles
A: antennae 3, [clumsy 2], [deformed body], demonic guardian 1, [dopey 2], frail
1[+2], [low mp 3], powered by pain 2, [screaming 2], [inhibited regeneration],
[no potion heal 2], [subdued magic 2], sturdy frame 3
a: Upheaval, Elemental Force, Disaster Area, Renounce Religion


You were on level 3 of the Abyss.
You worshipped Qazlal.
Qazlal was exalted by your worship.
You were not hungry.

You visited 4 branches of the dungeon, and saw 24 of its levels.
You visited the Abyss 1 time.
You visited 1 bazaar.
You also visited: Labyrinth, Sewer and Bailey.

You collected 3035 gold pieces.
You spent 1551 gold pieces at shops.

Inventory:

Hand Weapons
 a - a +3 dagger of electrocution (weapon)
   (You took it off a goblin on level 1 of the Dungeon)
 b - the +2 arbalest "Hexuroll" {velocity, Int+4}
   (You acquired it on level 11 of the Dungeon)

   Any bolt fired from it inflicts extra damage.
   It affects your intelligence (+4).
 c - a +0 great sword of flaming
   (You took it off an orc on level 7 of the Dungeon)
Missiles
 i - 34 bolts
 F - 5 javelins (quivered)
 Z - a throwing net
Armour
 k - a +1 pair of gloves (worn)
 z - the +6 plate armour "Itenwutu" (worn) {rPois Regen+}
   (You bought it in a shop on level 5 of the Dungeon)

   It protects you from poison.
   It increases your rate of regeneration.
 C - a +0 pair of boots (worn)
 U - a +0 cloak (worn)
Magical Staves
 v - an uncursed staff of energy {unknown}
 T - an uncursed staff of death
Jewellery
 f - a ring of protection from fire (right hand)
 m - an uncursed ring of protection from magic
 o - an amulet of regeneration (around neck)
 p - the ring "Hearyfua" (left hand) {rPois rF+ Slay+3}
   (You found it in a labyrinth)

   [ring of protection from fire]

   It affects your accuracy and damage with ranged weapons and melee attacks
   (+3).
   It protects you from fire.
   It protects you from poison.
 E - an uncursed ring of positive energy
Wands
 d - a wand of lightning (9/15)
 s - a wand of clouds (8/9)
 A - a wand of acid (6/15)
 I - a wand of lightning (9/15)
 M - a wand of enslavement (8/24)
 O - a wand of scattershot (1/9)
 Q - a wand of iceblast (3/15)
 R - a wand of paralysis (0/24)
Scrolls
 g - a scroll of enchant weapon
 h - 16 scrolls of teleportation {!r}
 q - 5 scrolls of identify
 t - a scroll of fear {!r}
 x - a scroll of recharging
 y - 12 scrolls of remove curse
 K - 4 scrolls of fog
 P - 2 scrolls of blinking
Potions
 e - 5 potions of lignification {!q}
 j - 2 potions of cancellation {!q}
 l - a potion of haste {!q}
 n - 4 potions of agility {!q}
 r - a potion of berserk rage
 B - 4 potions of curing
 H - a potion of magic {!q}
 J - a potion of resistance {!q}
 L - 2 potions of might {!q}
 N - a potion of flight
Comestibles
 u - 2 chunks of flesh
 w - 22 royal jellies
 D - a meat ration {!e}
 S - 3 fruits


   Skills:
 + Level 9.6 Fighting
 - Level 10.0 Short Blades
 - Level 10.0 Crossbows
 + Level 14.8 Armour
 + Level 9.1 Dodging
 - Level 1.0 Stealth
 - Level 12.0 Invocations
 - Level 10.0 Evocations


You had 9 spell levels left.
You knew the following spells:

 Your Spells              Type           Power        Failure   Level  Hunger
p - Portal Projectile     Hex/Tloc       #.....       93%         3    ####...
J - Blink                 Tloc           N/A          75%         2    ###....


Dungeon Overview and Level Annotations

Branches:
Dungeon (15/15)            Temple (1/1) D:6            Lair (6/6) D:9
  Swamp (0/4) Lair:4        Snake (0/4) Lair:2        Slime (0/5) Lair:6
    Orc (2/2) D:9             Elf (0/3) Orc:2        Vaults (0/5) D:14
 Depths: D:15

Altars:
Ashenzari
Cheibriados
Dithmenos
Elyvilon
Fedhas
Gozag
Hepliaklqana
Kikubaaqudgha
Makhleb
Nemelex Xobeh
Okawaru
Qazlal
Ru
Sif Muna
Trog
Uskayaw
Vehumet
Wu Jian
Xom
Yredelemnul
Zin
The Shining One
Beogh
Jiyva

Shops:
D:5 [   D:6 [   D:9 ?   Orc:2 ?:[(

Annotations:
D:11 exclusion: 2 statues
D:14 Louise
Orc:1 vpUX: Ogre zombie cave - needs flight


Innate Abilities, Weirdness & Mutations

You have a pair of large antennae on your head. (SInv)
A weak demonic guardian rushes to your aid.
You sometimes gain power by taking damage.
Your movements are significantly less encumbered by armour. (ER -6)
[You are very clumsy. (Dex -4)]
[Armour fits poorly on your strangely shaped body.]
[You are very dopey. (Int -4)]
[You are extremely frail. (-30% HP)]
[Your magical capacity is extremely low. (-30% MP)]
[You sometimes yell uncontrollably at your foes.]
[You do not regenerate when monsters are visible.]
[Potions are poor at restoring your health.]
[Your spells are easier to cast, but less powerful.]


Message History

The raiju barks! x2
You block the small abomination's attack.
The raiju misses you.
You feel yourself growing ill in the presence of the ancient zyme.
The small abomination closely misses you.
A raiju comes into view.
You swap places.
Something closely misses your quasit.
Your quasit misses the small abomination.
Your quasit claws the small abomination but does no damage. x2
The small abomination closely misses your quasit.
The tentacled monstrosity barely misses you. x2
The tentacled monstrosity tentacle-slaps you but does no damage.
The tentacled monstrosity misses you.
Things that are here:
a trident; a robe; a shapeshifter corpse You puncture the tentacled monstrosity!
The tentacled monstrosity is lightly wounded.
Something bites your quasit! Something shocks your quasit!
Your quasit dies!
Unknown command.
You puncture the tentacled monstrosity!
The tentacled monstrosity is moderately wounded.
The tentacled monstrosity tentacle-slaps you!
* * * LOW HITPOINT WARNING * * *
You block the tentacled monstrosity's attack.
The tentacled monstrosity tentacle-slaps you but does no damage.
The tentacled monstrosity grabs you.
The tentacled monstrosity constricts you.
Damage: 11 (max 29)
You puncture the tentacled monstrosity!
The tentacled monstrosity is moderately wounded.
You block the small abomination's attack.
Unknown command.
You barely miss the tentacled monstrosity.
The tentacled monstrosity is moderately wounded.
You block the tentacled monstrosity's attack.
The tentacled monstrosity barely misses you.
The tentacled monstrosity tentacle-slaps you but does no damage.
* * * LOW HITPOINT WARNING * * *
The tentacled monstrosity constricts you.
The small abomination closely misses you.
Damage: 4 (max 29)
You puncture the tentacled monstrosity!
The tentacled monstrosity is heavily wounded.
The raiju bursts into living lightning!
The living lightning hits the small abomination.
The living lightning hits you!
* * * LOW HITPOINT WARNING * * *
The living lightning hits you!
You die...

. # . .# ##
....#.#####
# #...X#xh#
# # .
#@#{#.# .
####{#
{hh#. . ..
# .. ..# .
.. # .# ###
.. # ## #
#.


You could see a tentacled monstrosity, a raiju and a small abomination.

Vanquished Creatures
  Rupert (Orc:1)
  2 tentacled starspawn (Abyss:3)
  Kirke (Lair:5)
  Azrael (D:12)
  5 dire elephants (Lair:6)
  Snorg (Lair:5)
  A minotaur (Lab)
  A vault guard (D:14)
  Harold (Lair:1)
  7 hydras
  An anaconda (Lair:6)
  A death knight (D:13)
  7 two-headed ogres
  2 centaur warriors
  12 death yaks
  A tengu warrior (D:14)
  A thrashing horror (Abyss:3)
  A sun demon (Abyss:3)
  A wretched star (Abyss:3)
  An unseen horror (D:12)
  A swamp dragon (shapeshifter) (D:13)
  6 orc knights
  An iron dragon zombie (Abyss:3)
  12 ugly things
  8 orc sorcerers (Orc:2)
  2 manticores
  A shining eye (shapeshifter) (D:14)
  A worldbinder (Abyss:3)
  6 black mambas
  4 elephants (Lair:6)
  3 smoke demons (Abyss:3)
  3 cyclopes
  5 centaur skeletons
  13 spiny frogs
  A torpor snail (Lair:4)
  Psyche (D:8)
  Joseph (D:7)
  A gargoyle (D:13)
  9 komodo dragons
  A redback zombie (D:12)
  3 rime drakes
  2 ancient zymes (Abyss:3)
  A tengu conjurer (D:14)
  A queen bee (Lair:3)
  4 large abominations (Abyss:3)
  9 trolls
  16 hippogriffs
  5 slime creatures
  A raiju (Abyss:3)
  5 dream sheep
  Prince Ribbit (D:6)
  15 blink frogs
  A wraith (D:14)
  2 vampires (D:14)
  6 wyverns
  A shadow (Lab)
  A hog (Lair:5)
  19 yaks
  5 hungry ghosts
  5 vampire mosquitoes (D:13)
  5 fire elementals (D:12)
  5 basilisks
  4 small abominations (Abyss:3)
  8 wargs
  4 acid dragons
  6 two-headed ogre zombies (Orc:1)
  6 hell hounds
  5 porcupines
  15 water moccasins
  37 orc warriors
  A black bear (shapeshifter) (D:15)
  A black bear (D:12)
  14 ogres
  2 ice beasts
  3 phantoms
  A wolf (Lair:4)
  5 centaurs
  12 crocodiles
  13 bullfrogs
  A wyvern zombie (D:13)
  A water moccasin zombie (D:11)
  4 scorpions
  24 killer bees
  4 wights (D:8)
  4 electric eels
  7 howler monkeys
  6 jellies (D:8)
  A bullfrog zombie (D:12)
  4 centaur zombies
  9 crimson imps
  4 hounds
  2 quasits
  A gnoll shaman (Orc:2)
  17 orc priests
  3 bullfrog skeletons
  52 orc wizards
  4 iguanas
  15 worker ants
  A hound zombie (D:7)
  A hound skeleton (D:7)
  2 howler monkey zombies
  6 gnolls
  13 adders
  5 river rats (Sewer)
  2 shadow imps
  7 oozes
  An adder skeleton (D:5)
  3 worms
  2 dart slugs
  4 leopard geckos
  132 orcs
  6 giant cockroaches
  18 goblins
  11 hobgoblins
  7 jackals
  3 kobolds (D:3)
  2 quokkas
  13 ball pythons
  4 bats
  3 frilled lizards
  34 rats
  3 plants (Lair:6)
  A starspawn tentacle (Abyss:3)
826 creatures vanquished.

Vanquished Creatures (collateral kills)
  A spiny frog (Lair:1)
  2 rime drakes
  A komodo dragon (Lair:4)
  A troll (D:13)
  A polar bear (Lair:2)
  2 slime creatures (D:12)
  A hippogriff (Lair:2)
  A harpy skeleton (D:14)
  A yak (D:12)
  A wyvern (D:13)
  2 basilisks (Lair:5)
  A vampire mosquito (D:13)
  A sky beast (D:5)
  An ice beast (D:6)
  An ogre (D:4)
  2 wolves (Lair:3)
  An eye of draining (D:13)
  A centaur (D:7)
  3 bullfrogs
  A killer bee (Lair:3)
  2 crimson imps
  An orc priest (Orc:2)
  A worker ant (D:8)
  An adder (Sewer)
  2 gnolls (D:3)
  4 orcs
  A jackal (D:5)
  A quokka (D:9)
  5 ball pythons
  A frilled lizard (Sewer)
45 creatures vanquished.

Vanquished Creatures (others)
  A rakshasa (Abyss:3)
  A red devil (Abyss:3)
  2 large abominations (Abyss:3)
  A human (Lair:5)
  2 water moccasins
  A centaur (shapeshifter) (Abyss:3)
  10 fungi
  A lurking horror (Abyss:3)
  5 plants
  8 starspawn tentacles (Abyss:3)
32 creatures vanquished.

Grand Total: 903 creatures vanquished

Notes
Turn   | Place    | Note
-------+----------+-------------------------------------------
     0 | D:1      | Gorice the Demonspawn Wanderer began the quest for the Orb.
     0 | D:1      | Gorice set off with: a +2 hand crossbow, 27 bolts, a +0 shortbow, 25 arrows, a potion of lignification {!q}, a +0 robe, a bread ration {!e}
     0 | D:1      | Reached XP level 1. HP: 18/18 MP: 1/1
   105 | D:1      | Reached skill level 3 in Crossbows
   110 | D:1      | Gained mutation: You have a pair of small antennae on your head. [demonic ancestry]
   110 | D:1      | Reached XP level 2. HP: 18/24 MP: 2/2
   128 | D:1      | Reached skill level 1 in Short Blades
   614 | D:2      | Gained mutation: A weak demonic guardian rushes to your aid. [demonic ancestry]
   614 | D:2      | Reached XP level 3. HP: 29/29 MP: 3/3
   628 | D:2      | Found an iron altar of Okawaru.
   663 | D:2      | Found a sacrificial altar of Ru.
  1067 | D:2      | Found a white marble altar of Elyvilon.
  1244 | D:3      | Reached skill level 2 in Armour
  1461 | D:3      | Reached XP level 4. HP: 30/35 MP: 4/4
  1478 | D:3      | Reached skill level 2 in Short Blades
  1560 | D:3      | Found a stormy altar of Qazlal.
  1567 | D:3      | Became a worshipper of Qazlal Stormbringer
  1978 | D:4      | Noticed an ogre
  1985 | D:4      | Killed an ogre
  1985 | D:4      | Reached skill level 4 in Crossbows
  1985 | D:4      | Gained mutation: Your movements are slightly less encumbered by armour. (ER -2) [demonic ancestry]
  1985 | D:4      | Reached XP level 5. HP: 41/41 MP: 5/5
  2065 | D:4      | Reached skill level 3 in Armour
  2168 | D:4      | Reached skill level 3 in Short Blades
  2190 | D:4      | Noticed a phantom
  2220 | D:4      | Killed a phantom
  2220 | D:4      | Gained mutation: You have a pair of antennae on your head. [demonic ancestry]
  2220 | D:4      | Reached XP level 6. HP: 47/47 MP: 6/6
  2593 | D:4      | Gained mutation: You have a pair of large antennae on your head. (SInv) [demonic ancestry]
  2593 | D:4      | Reached XP level 7. HP: 45/52 MP: 7/7
  2627 | D:4      | Reached skill level 4 in Armour
  2656 | D:4      | Reached skill level 4 in Short Blades
  2656 | D:4      | Reached skill level 5 in Crossbows
  2903 | D:5      | Entered Level 5 of the Dungeon
  2956 | D:5      | Reached * piety under Qazlal
  3430 | D:5      | Found Yskoet's Antique Armour Boutique.
  3657 | D:6      | Noticed Prince Ribbit
  3671 | D:6      | Killed Prince Ribbit
  3671 | D:6      | Reached XP level 8. HP: 54/58 MP: 8/8
  3744 | D:6      | Reached skill level 5 in Armour
  3752 | D:6      | Found a glowing drain.
  3763 | Sewer    | Entered a sewer
  3890 | Sewer    | Reached ** piety under Qazlal
  3890 | Sewer    | Reached skill level 5 in Short Blades
  4091 | Sewer    | Reached skill level 6 in Crossbows
  4176 | D:6      | Found Zoff's Antique Armour Emporium.
  4191 | D:6      | Found a shattered altar of Ashenzari.
  4334 | D:6      | Reached *** piety under Qazlal
  4578 | D:6      | Found a staircase to the Ecumenical Temple.
  4585 | Temple   | Entered the Ecumenical Temple
  4872 | D:7      | Reached skill level 6 in Armour
  5006 | D:7      | Noticed a hippogriff
  5011 | D:7      | Killed a hippogriff
  5011 | D:7      | Reached skill level 6 in Short Blades
  5030 | D:7      | Reached XP level 9. HP: 54/63 MP: 9/9
  5087 | D:7      | Reached skill level 7 in Crossbows
  5189 | D:7      | Found a snail-covered altar of Cheibriados.
  5287 | D:7      | Noticed Joseph
  5303 | D:7      | Killed Joseph
  5837 | D:8      | HP: 15/63 [orc warrior/great mace (24)]
  5845 | D:8      | Reached skill level 7 in Armour
  5890 | D:8      | Reached skill level 7 in Short Blades
  5892 | D:8      | Noticed a two-headed ogre
  5908 | D:8      | Killed a two-headed ogre
  5908 | D:8      | Reached skill level 8 in Crossbows
  5944 | D:8      | Got a translucent lapis lazuli ring
  5946 | D:8      | Identified the ring of Fotul {rPois Int+2} (You found it on level 8 of the Dungeon)
  5950 | D:8      | Reached **** piety under Qazlal
  6076 | D:8      | Noticed a centaur warrior
  6086 | D:8      | HP: 10/63 [centaur warrior (11)]
  6093 | D:8      | Killed a centaur warrior
  6093 | D:8      | Gained mutation: You sometimes gain a little power by taking damage. [demonic ancestry]
  6093 | D:8      | Reached XP level 10. HP: 12/70 MP: 5/10
  6378 | D:8      | Noticed Psyche
  6431 | D:8      | Killed Psyche
  6431 | D:8      | Reached skill level 8 in Short Blades
  6431 | D:8      | Reached skill level 8 in Armour
  7084 | D:9      | Reached skill level 9 in Crossbows
  7090 | D:9      | Noticed a two-headed ogre
  7108 | D:9      | Killed a two-headed ogre
  7260 | D:9      | Reached skill level 9 in Armour
  7267 | D:9      | Reached skill level 9 in Short Blades
  7338 | D:9      | HP: 20/70 [orc warrior/halberd (13)]
  7345 | D:9      | HP: 17/70 [orc wizard/magic dart (7)]
  7352 | D:9      | HP: 6/70 [orc wizard/puff of flame (15)]
  7604 | D:9      | Found a staircase to the Orcish Mines.
  7668 | D:9      | Found a staircase to the Lair.
  7942 | D:9      | Found Esesaluz's Magic Scroll Boutique.
  8127 | Lair:1   | Entered Level 1 of the Lair of Beasts
  8127 | Lair:1   | Noticed a spiny frog
  8129 | Lair:1   | Noticed a black mamba
  8133 | D:9      | Killed a spiny frog
  8133 | D:9      | Reached skill level 1 in Invocations
  8133 | D:9      | Gained mutation: Your movements are less encumbered by armour. (ER -4) [demonic ancestry]
  8133 | D:9      | Reached XP level 11. HP: 66/75 MP: 11/11
  8214 | Lair:1   | Reached skill level 2 in Invocations
  8301 | D:9      | Reached skill level 3 in Invocations
  8462 | Lair:1   | Noticed Harold
  8481 | Lair:1   | HP: 9/75 [spiny frog (15)]
  8482 | Lair:1   | Killed Harold
  8493 | Lair:1   | Reached skill level 10 in Crossbows
  8493 | Lair:1   | Reached skill level 4 in Invocations
  8811 | Lair:2   | Reached skill level 5 in Invocations
  8925 | Lair:2   | Reached skill level 10 in Armour
  8959 | Lair:2   | Reached skill level 10 in Short Blades
  8964 | Lair:2   | Reached skill level 6 in Invocations
  8999 | Lair:2   | Noticed an eight-headed hydra
  9011 | Lair:2   | Killed an eight-headed hydra
  9058 | Lair:2   | Reached skill level 7 in Invocations
  9166 | Lair:2   | Found a staircase to the Snake Pit.
  9196 | Lair:2   | Gained mutation: You sometimes gain power by taking damage. [demonic ancestry]
  9196 | Lair:2   | Reached XP level 12. HP: 81/81 MP: 17/17
  9875 | Lair:3   | Noticed an eight-headed hydra
  9885 | Lair:3   | Killed an eight-headed hydra
  9885 | Lair:3   | Reached skill level 8 in Invocations
 10148 | Lair:3   | Got an ichor-stained ring mail
 10405 | Lair:3   | Noticed a five-headed hydra
 10427 | Lair:3   | Killed a five-headed hydra
 10427 | Lair:3   | Reached skill level 11 in Armour
 10427 | Lair:3   | Reached skill level 9 in Invocations
 10643 | Lair:3   | Reached ***** piety under Qazlal
 11276 | Lair:3   | Reached skill level 10 in Invocations
 11308 | Lair:4   | Noticed a seven-headed hydra
 11334 | Lair:3   | Killed a seven-headed hydra
 11438 | Lair:4   | Noticed a death yak
 11441 | Lair:4   | Noticed a death yak
 11441 | Lair:4   | Noticed a death yak
 11442 | Lair:4   | Noticed a death yak
 11442 | Lair:4   | Noticed a death yak
 11442 | Lair:4   | Noticed a death yak
 11524 | Lair:4   | Identified the cursed +0 ring mail "Vehicuv" {rElec Str+3 Dex+8} (You found it on level 3 of the Lair of Beasts)
 11591 | Lair:4   | Killed a death yak
 11591 | Lair:4   | Reached skill level 11 in Invocations
 11607 | Lair:4   | Killed a death yak
 11807 | Lair:4   | Reached skill level 12 in Armour
 11846 | Lair:4   | Noticed a six-headed hydra
 11862 | Lair:4   | Killed a six-headed hydra
 12011 | Lair:4   | Found a staircase to the Swamp.
 12124 | Lair:4   | Killed a death yak
 12124 | Lair:4   | Reached skill level 2 in Evocations
 12230 | Lair:4   | Killed a death yak
 12232 | Lair:4   | Killed a death yak
 12232 | Lair:4   | HP: 24/81 [death yak (13)]
 12234 | Lair:4   | HP: 5/81 [death yak (20)]
 12366 | Lair:4   | Killed a death yak
 12366 | Lair:4   | Reached XP level 13. HP: 79/86 MP: 21/21
 12698 | D:5      | Bought a polished plate armour for 588 gold pieces
 12699 | D:5      | Identified the +6 plate armour "Itenwutu" {rPois Regen+} (You bought it in a shop on level 5 of the Dungeon)
 13026 | Lair:4   | Reached skill level 12 in Invocations
 13026 | Lair:4   | Reached skill level 3 in Evocations
 13269 | Lair:5   | Noticed Kirke
 13276 | Lair:5   | Noticed a sphinx
 13276 | Lair:5   | Killed Kirke
 13276 | Lair:5   | Reached skill level 1 in Dodging
 13276 | Lair:5   | Reached skill level 4 in Evocations
 13443 | Lair:5   | Noticed Snorg
 13466 | Lair:5   | Killed Snorg
 13996 | Lair:5   | Upgraded the game from 0.21-a0-440-g28109cb to 0.21-a0-442-g848f44b
 13997 | Lair:6   | Entered Level 6 of the Lair of Beasts
 14010 | Lair:5   | Reached skill level 2 in Dodging
 14115 | Lair:6   | Reached skill level 5 in Evocations
 14239 | Lair:5   | Reached skill level 3 in Dodging
 14352 | Lair:5   | HP: 11/86 [death yak (17)]
 14596 | Lair:5   | Reached skill level 13 in Armour
 14596 | Lair:5   | Reached skill level 6 in Evocations
 14608 | Lair:5   | Reached skill level 4 in Dodging
 14740 | Lair:5   | Reached skill level 4 in Fighting
 15265 | Lair:6   | Found a viscous altar of Jiyva.
 15265 | Lair:6   | Found a staircase to the Slime Pits.
 15846 | Lair:6   | Reached XP level 14. HP: 95/96 MP: 23/23
 15885 | Lair:6   | Reached skill level 5 in Dodging
 16155 | Lair:6   | Reached skill level 5 in Fighting
 16155 | Lair:6   | Reached skill level 7 in Evocations
 16364 | Lair:6   | Got a crystal quarterstaff
 16370 | Lair:6   | Identified the +3 quarterstaff of Jony {protect, Int+4} (You found it on level 6 of the Lair of Beasts)
 16573 | Orc:1    | Entered Level 1 of the Orcish Mines
 17565 | Orc:2    | Entered Level 2 of the Orcish Mines
 17585 | Orc:2    | Found a labyrinth entrance.
 17594 | Lab      | Entered a labyrinth
 17826 | Lab      | Got a wavering platinum ring
 17827 | Lab      | Identified the ring "Hearyfua" {rPois rF+ Slay+3} (You found it in a labyrinth)
 17910 | Lab      | Reached skill level 6 in Fighting
 17936 | Lab      | Got a shimmering falchion
 17936 | Lab      | Got a brightly glowing leather armour
 17937 | Lab      | Identified the +4 falchion of Indomitability {vamp, rN+ Int+4} (You found it in a labyrinth)
 18144 | D:5      | Bought a slimy plate armour for 588 gold pieces
 18145 | D:5      | Identified the +3 plate armour of the Hidden Songs {rF- rN+ rCorr} (You bought it in a shop on level 5 of the Dungeon)
 18310 | Orc:2    | Noticed Rupert
 18313 | Orc:1    | Paralysed by Rupert for 5 turns
 18323 | Orc:1    | Killed Rupert
 18323 | Orc:1    | Reached skill level 6 in Dodging
 18403 | Orc:1    | Reached skill level 8 in Evocations
 18526 | Orc:2    | Reached ****** piety under Qazlal
 18926 | Orc:2    | Found a staircase to the Elven Halls.
 19243 | Orc:2    | Found a roughly hewn altar of Beogh.
 19253 | Orc:2    | Found Siddocs's Magic Scroll Boutique.
 19253 | Orc:2    | Found Saol's Book Emporium.
 19483 | Orc:2    | Found Wanaesas's Antique Armour Boutique.
 19483 | Orc:2    | Found Hanomi's Weapon Emporium.
 19761 | Orc:2    | Bought a scroll of blinking for 105 gold pieces
 19906 | D:10     | Entered Level 10 of the Dungeon
 19968 | D:10     | Reached skill level 7 in Fighting
 20060 | D:10     | Found a roughly hewn altar of Beogh.
 20242 | D:10     | Learned a level 2 spell: Blink
 21044 | D:11     | Reached skill level 7 in Dodging
 21862 | D:11     | Identified 2 scrolls of acquirement
 21863 | D:11     | Got a slimy arbalest
 21864 | D:11     | Identified the +2 arbalest "Hexuroll" {velocity, Int+4} (You acquired it on level 11 of the Dungeon)
 21866 | D:11     | Got a bloodstained buckler
 21873 | D:11     | Identified the +1 buckler of Undesirable Species {*Corrode +Blink rF+} (You acquired it on level 11 of the Dungeon)
 21944 | D:12     | Found a flickering gateway to a bazaar.
 21950 | D:12     | Reached skill level 14 in Armour
 22043 | Bazaar   | Entered a bazaar
 22044 | Bazaar   | Found Keteppu's Antique Armour Emporium.
 22044 | Bazaar   | Found Tayhajoj's Gadget Emporium.
 22045 | Bazaar   | Found Yxkajebut's Assorted Antiques.
 22077 | Bazaar   | Found Resiakk's Jewellery Boutique.
 22107 | Bazaar   | Bought a knobbly marble ring for 135 gold pieces
 22107 | Bazaar   | Bought a scratched ruby ring for 135 gold pieces
 22487 | D:12     | Reached skill level 9 in Evocations
 22489 | D:12     | Gained mutation: Your movements are significantly less encumbered by armour. (ER -6) [demonic ancestry]
 22489 | D:12     | Reached XP level 15. HP: 108/108 MP: 24/24
 22582 | D:12     | Noticed Azrael
 22594 | D:12     | Killed Azrael
 22667 | D:12     | Learned a level 3 spell: Portal Projectile
 23314 | D:13     | Reached skill level 8 in Fighting
 23397 | D:13     | Found a flagged portal.
 23403 | Bailey   | Entered a bailey
 24114 | D:13     | Reached skill level 8 in Dodging
 25052 | D:14     | Gained mutation: [You are frail. (-10% HP)] [a shining eye]
 25140 | D:14     | Reached skill level 10 in Evocations
 25351 | D:14     | Found a gate to the Vaults.
 25557 | D:14     | Reached skill level 9 in Fighting
 25600 | D:14     | Found a basalt altar of Yredelemnul.
 25622 | D:14     | Found a burning altar of Makhleb.
 25622 | D:14     | Found a shadowy altar of Dithmenos.
 25625 | D:14     | Found a shimmering altar of Xom.
 25625 | D:14     | Found a snail-covered altar of Cheibriados.
 25625 | D:14     | Found a radiant altar of Vehumet.
 25722 | D:15     | Entered Level 15 of the Dungeon
 25725 | D:15     | Noticed Louise
 25743 | D:14     | Cast into level 3 of the Abyss (Louise)
 25753 | Abyss:3  | HP: 30/101 [??? (27)]
 25814 | Abyss:3  | Noticed a tentacled starspawn
 25828 | Abyss:3  | Killed a tentacled starspawn
 25833 | Abyss:3  | Noticed a tentacled starspawn
 25833 | Abyss:3  | HP: 29/101 [wretched star/orb of energy (6)]
 25902 | Abyss:3  | HP: 14/79 [sun demon (19)]
 26143 | Abyss:3  | HP: 26/90 [large abomination (8)]
 26147 | Abyss:3  | HP: 7/90 [smoke demon/divine providence (15)]
 26161 | Abyss:3  | HP: 18/101 [rakshasa/orb of energy (21)]
 26185 | Abyss:3  | HP: 26/101 [blink frog[a worldbinder] (13)]
 26188 | Abyss:3  | Noticed a tentacled starspawn
 26199 | Abyss:3  | HP: 10/102 [raiju/living lightning (21)]
 26207 | Abyss:3  | HP: 12/102 [ancient zyme (2)]
 26210 | Abyss:3  | Reached skill level 9 in Dodging
 26220 | Abyss:3  | HP: 14/102 [tentacled starspawn (14)]
 26223 | Abyss:3  | Killed a tentacled starspawn
 26235 | Abyss:3  | HP: 19/102 [rakshasa/orb of energy (3)]
 26248 | Abyss:3  | HP: 14/102 [thrashing horror (11)]
 26253 | Abyss:3  | HP: 14/102 [thrashing horror (2)]
 26289 | Abyss:3  | HP: 18/102 [large abomination (25)]
 26418 | Abyss:3  | Noticed a tentacled monstrosity
 26424 | Abyss:3  | HP: 4/79 [raiju/living lightning (20)]
 26424 | Abyss:3  | Killed from afar by a raiju

Vault maps used:
D:1:      minmay_arrival_five_plusses
D:2:      overflow_temple_1_default, okawaru_gym_becter, elyvilon_altar_3
D:3:      nicolae_qazlal_eye_of_the_storm
D:4:      first_bread
D:5:      serial_shops, shop
D:6:      cheibrodos_ashenzari_chains, minmay_temple_entry_enclosed_plants,
          portal_sewer_entry_d, serial_shops, shop, mrwooster_statue_mirror,
          uniq_prince_ribbit1
D:7:      kennysheep_mini, uniq_joseph
D:8:      minmay_the_grid_octo_triangle, hangedman_little_slice_of_home,
          uniq_psyche
D:9:      david_lair_generic, erik_orc_2, serial_shops, shop_scrolls,
          hangedman_abyss_or_decor_passed
D:11:     nicolae_zen_rock_garden, minmay_dual_archer_statues
D:12:     serial_shops, bzr_entry_islet, kennysheep_cluttered_room, uniq_azrael
D:13:     cheibrodos_fzero, enter_bailey_3
D:14:     david_vaults_5, minivault_4, doesnt_xom_only_xom
D:15:     grunt_enter_depths_hoard, minmay_misc_feat_doors, uniq_agnes,
          uniq_louise, uniq_urug
Temple:   minmay_crystal_spiral_temple
Lair:1:   uniq_harold
Lair:2:   minmay_snake_entry_six_corridors, serial_bayou_shore_a
Lair:3:   special_room, minivault_27
Lair:4:   swamp_mist_pool, hangedman_lair_generics_rect
Lair:5:   grunt_megastairs_2, serial_bayou_shore_b, uniq_kirke, uniq_snorg
Lair:6:   due_jungle_book, slime_altar_1, special_room, st_stairs_9
Orc:1:    lemuel_ogre_cave
Orc:2:    st_orc_town, lab_entry_generic, uniq_rupert
Lab:      labyrinth_mini_lab, labyrinth_skeletal_remains, nicolae_lab_starburst,
          nicolae_lab_statue, nicolae_lab_blocks, nicolae_lab_grate_2,
          nicolae_lab_grate
Bazaar:   bazaar_minmay_plants
Sewer:    sewer_minmay_w
Bailey:   bailey_axe_1, bailey

Skill      XL: |  1  2  3  4  5  6  7  8  9 10 11 12 13 14 15 |
---------------+----------------------------------------------+-----
Crossbows      | 3 4 5 6 8 9 10 | 10.0
Short Blades   | 1 2 3 4 6 7 9 10 | 10.0
Armour         | 2 3 4 6 7 9 10 12 13 14 | 14.8
Invocations    | 1 7 11 12 | 12.0
Evocations     | 2 6 9 10 | 10.0
Dodging        | 4 7 9 |  9.1
Fighting       | 4 7 9 |  9.6
Stealth        | |  1.0

Action                   |  1- 3 |  4- 6 |  7- 9 | 10-12 | 13-15 || total
-------------------------+-------+-------+-------+-------+-------++-------
Melee: Dagger            |   124 |    77 |   176 |   547 |  2442 ||  3366
 Fire: Hand crossbow     |     1 |    47 |   217 |   261 |   197 ||   723
       Arbalest          |       |       |       |       |    58 ||    58
Throw: Tomahawk          |       |       |     1 |       |       ||     1
       Throwing net      |       |       |       |       |     1 ||     1
Invok: Upheaval          |       |       |     1 |     8 |    15 ||    24
Evoke: Wand              |       |       |       |     1 |     3 ||     4
  Use: Scroll            |     6 |     6 |     6 |    11 |    21 ||    50
       Potion            |       |       |     1 |     2 |     7 ||    10
 Stab: Distracted        |       |     1 |     1 |     2 |     9 ||    13
       Held in net/web   |       |       |       |       |     1 ||     1
       Invisible         |       |       |       |       |    10 ||    10
  Eat: Chunk             |     2 |     3 |    11 |    16 |    43 ||    75
       Royal jelly       |       |       |       |     1 |     2 ||     3
       Bread ration      |       |       |       |     1 |       ||     1
Armor: Ring mail         |    34 |    20 |    58 |       |       ||   112
       Robe              |     1 |       |       |       |       ||     1
       Ice dragon scales |       |       |    19 |   202 |       ||   221
       Plate armour      |       |       |       |       |   819 ||   819
Dodge: Dodged            |    55 |    29 |    85 |   228 |   722 ||  1119
       Deflected         |       |       |     1 |     6 |    69 ||    76
Block: Other             |       |       |    22 |   117 |   518 ||   657

Table legend:
 A = Spawn XP
 B = Non-spawn XP
 C = Spawn XP percentage of total XP
 D = Spawn monster count
 E = Non-spawn monster count
 F = Spawn count percentage of total count
 G = Total turns spent on level
                    A         B        C        D         E        F      G
               +---------+---------+-------+---------+---------+-------+---------
         Total |    9425 |  139257 |   6.3 |      16 |     857 |   1.8 | 26424
               +---------+---------+-------+---------+---------+-------+---------
           D:1 |       0 |      35 |   0.0 |       0 |      21 |   0.0 |   548
           D:2 |       0 |      26 |   0.0 |       0 |      12 |   0.0 |   597
           D:3 |       0 |      85 |   0.0 |       0 |      25 |   0.0 |   812
           D:4 |       0 |     842 |   0.0 |       0 |      29 |   0.0 |   946
           D:5 |       0 |     193 |   0.0 |       0 |      15 |   0.0 |   984
           D:6 |       0 |     693 |   0.0 |       0 |      11 |   0.0 |   624
           D:7 |       0 |    1231 |   0.0 |       0 |      23 |   0.0 |   848
           D:8 |       0 |    5016 |   0.0 |       0 |      56 |   0.0 |  2000
           D:9 |       0 |    6634 |   0.0 |       0 |      54 |   0.0 |  1524
          D:10 |       0 |    2268 |   0.0 |       0 |      43 |   0.0 |   746
          D:11 |       0 |    2952 |   0.0 |       0 |      19 |   0.0 |  1036
          D:12 |       0 |    9450 |   0.0 |       0 |      46 |   0.0 |  1083
          D:13 |       0 |   10703 |   0.0 |       0 |      52 |   0.0 |  1068
          D:14 |       0 |   14752 |   0.0 |       0 |      40 |   0.0 |  1297
          D:15 |       0 |     128 |   0.0 |       0 |       1 |   0.0 |    13
        Lair:1 |       0 |    1879 |   0.0 |       0 |       6 |   0.0 |   616
        Lair:2 |       0 |    7209 |   0.0 |       0 |      37 |   0.0 |  1282
        Lair:3 |       0 |    7776 |   0.0 |       0 |      43 |   0.0 |  1720
        Lair:4 |       0 |    9978 |   0.0 |       0 |      23 |   0.0 |  1074
        Lair:5 |       0 |   18083 |   0.0 |       0 |      46 |   0.0 |  1637
        Lair:6 |       0 |   14783 |   0.0 |       0 |      34 |   0.0 |  1697
         Orc:1 |       0 |    8760 |   0.0 |       0 |      52 |   0.0 |  1139
         Orc:2 |       0 |    7720 |   0.0 |       0 |      92 |   0.0 |  1262
       Abyss:3 |    9425 |    4072 |  69.8 |      16 |       9 |  64.0 |   681
           Lab |       0 |    1657 |   0.0 |       0 |       4 |   0.0 |   356
         Sewer |       0 |     316 |   0.0 |       0 |      48 |   0.0 |   404
        Bailey |       0 |    2016 |   0.0 |       0 |      16 |   0.0 |   178
               +---------+---------+-------+---------+---------+-------+---------

Table legend:
 A = Turns spent in this place as a percentage of turns spent in the entire game.
 B = Non-inter-level travel turns spent in this place as a percentage of non-inter-level travel turns spent in the entire game.
 C = Inter-level travel turns spent in this place as a percentage of turns spent in this place.
 D = Turns resting spent in this place as a percentage of non-inter-level travel turns spent in this place.
 E = Turns spent auto-exploring this place as a percentage of non-inter-level travel turns spent in this place.
 F = Non-inter-level travel turns spent in this place divided by the number of levels of this place that you've seen.
                   A       B       C       D       E      F
               +-------+-------+-------+-------+-------+----------------------
         Total | 100.0 | 100.0 |   9.1 |   6.1 |  40.5 | 828.5
       Dungeon |  53.5 |  52.3 |  11.0 |   4.9 |  46.6 | 838.3
        Temple |   0.6 |   0.4 |  49.1 |   0.0 |  97.7 |  86.0
          Lair |  30.4 |  31.0 |   7.1 |   8.2 |  38.7 | 1242.7
  Orcish Mines |   9.1 |   9.2 |   8.1 |   0.4 |  40.9 | 1103.5
         Abyss |   2.6 |   2.8 |   0.0 |  30.2 |   0.0 | 681.0
     Labyrinth |   1.3 |   1.5 |   0.0 |   2.5 |   0.0 | 356.0
        Bazaar |   0.3 |   0.3 |   0.0 |   0.0 |   0.0 |  83.0
         Sewer |   1.5 |   1.7 |   0.0 |   5.2 |   0.0 | 404.0
        Bailey |   0.7 |   0.7 |   0.0 |   0.0 |   4.5 | 178.0
               +-------+-------+-------+-------+-------+----------------------

Vault maps used:
D:1:      minmay_arrival_five_plusses
D:2:      overflow_temple_1_default, okawaru_gym_becter, elyvilon_altar_3
D:3:      nicolae_qazlal_eye_of_the_storm
D:4:      first_bread
D:5:      serial_shops, shop
D:6:      cheibrodos_ashenzari_chains, minmay_temple_entry_enclosed_plants,
          portal_sewer_entry_d, serial_shops, shop, mrwooster_statue_mirror,
          uniq_prince_ribbit1
D:7:      kennysheep_mini, uniq_joseph
D:8:      minmay_the_grid_octo_triangle, hangedman_little_slice_of_home,
          uniq_psyche
D:9:      david_lair_generic, erik_orc_2, serial_shops, shop_scrolls,
          hangedman_abyss_or_decor_passed
D:11:     nicolae_zen_rock_garden, minmay_dual_archer_statues
D:12:     serial_shops, bzr_entry_islet, kennysheep_cluttered_room, uniq_azrael
D:13:     cheibrodos_fzero, enter_bailey_3
D:14:     david_vaults_5, minivault_4, doesnt_xom_only_xom
D:15:     grunt_enter_depths_hoard, minmay_misc_feat_doors, uniq_agnes,
          uniq_louise, uniq_urug
Temple:   minmay_crystal_spiral_temple
Lair:1:   uniq_harold
Lair:2:   minmay_snake_entry_six_corridors, serial_bayou_shore_a
Lair:3:   special_room, minivault_27
Lair:4:   swamp_mist_pool, hangedman_lair_generics_rect
Lair:5:   grunt_megastairs_2, serial_bayou_shore_b, uniq_kirke, uniq_snorg
Lair:6:   due_jungle_book, slime_altar_1, special_room, st_stairs_9
Orc:1:    lemuel_ogre_cave
Orc:2:    st_orc_town, lab_entry_generic, uniq_rupert
Lab:      labyrinth_mini_lab, labyrinth_skeletal_remains, nicolae_lab_starburst,
          nicolae_lab_statue, nicolae_lab_blocks, nicolae_lab_grate_2,
          nicolae_lab_grate
Bazaar:   bazaar_minmay_plants
Sewer:    sewer_minmay_w
Bailey:   bailey_axe_1, bailey
